Pittsburgh Penguins vs Anaheim Ducks
Created - Sunday, March 19, 2023 at 08:34
Goals
|
| Pittsburgh Penguins |
1 |
3 |
0 |
4 |
| Anaheim Ducks |
3 |
1 |
2 |
6 |
|
Shots
|
| Pittsburgh Penguins |
11 |
6 |
13 |
30 |
| Anaheim Ducks |
10 |
10 |
15 |
35 |
|
1st period
1. Anaheim Ducks , William Nylander 5 (Nazem Kadri 7, Ivan Provorov 4) at 5:07
2. Anaheim Ducks , Jakob Chychrun 1 (Esa Lindell 3, Nazem Kadri 8) at 11:15
3. Pittsburgh Penguins , Mitch Marner 1 (Anton Stralman 1, Ryan Suter 2) at 13:12
4. Anaheim Ducks , John Tavares 4 (Nazem Kadri 9, Josh Morrissey 2) at 18:33 (PP)
Penalties :
Ivan Provorov (ANA) for Cross-checking (Minor) at 2:21, Josh Manson (ANA) for Tripping (Minor) at 14:13, Ryan Suter (PIT) for Cross-checking (Minor) at 17:52
2nd period
5. Pittsburgh Penguins , Leon Draisaitl 5 (Sam Reinhart 5, Mitch Marner 5) at 0:23
6. Pittsburgh Penguins , Jeff Carter 2 (Ryan Johansen 3, Anders Lee 4) at 4:12 (PP)
7. Pittsburgh Penguins , Leon Draisaitl 6 (Sam Reinhart 6) at 4:24
8. Anaheim Ducks , William Nylander 6 (Esa Lindell 4, John Tavares 3) at 4:42
Penalties :
Radek Faksa (ANA) for Roughing (Minor) at 3:16, Reilly Smith (PIT) for Delaying the game (Minor) at 4:53, Brayden Schenn (ANA) for Hooking (Minor) at 11:25, Chris Tanev (PIT) for Tripping (Minor) at 19:22
3rd period
9. Anaheim Ducks , John Tavares 5 (Josh Morrissey 3, William Nylander 6) at 10:22
10. Anaheim Ducks , Max Domi 3 (Mason Marchment 3) at 12:37
Penalties :
T.J. Brodie (PIT) for Elbowing (Minor) at 4:21, Jakob Chychrun (ANA) for Hooking (Minor) at 17:52
Goalie Stats
Jonathan Quick (PIT), 29 saves from 35 shots - (0.829), L, 2-3-0, 60:00 minutes
Jack Campbell (ANA), 26 saves from 30 shots - (0.867), W, 4-1-1, 60:00 minutes
Players Stats for Pittsburgh Penguins
Player Name G A P +/- PIM S H SB GA TA FO MP PP MP PK MP
------------------------------------------------------------------------------------
Anders Lee 0 1 1 0 0 3 2 0 0 0 0/0 14:59 3:11 0:00
Anton Stralman 0 1 1 1 0 1 1 3 0 0 0/0 16:38 0:00 2:23
Blake Coleman 0 0 0 -2 0 2 1 0 1 0 0/0 8:17 0:00 1:38
Chris Tanev 0 0 0 -2 2 0 0 0 0 0 0/0 16:50 0:00 3:02
Colton Sissons 0 0 0 -2 0 0 0 0 0 0 1/3 11:25 0:32 4:11
Erik Karlsson 0 0 0 -1 0 0 2 3 1 1 0/0 23:19 5:59 0:00
Jean-Gabriel Pageau 0 0 0 0 0 3 2 2 0 0 8/17 16:57 0:23 4:21
Jeff Carter 1 0 1 -2 0 1 0 0 0 0 0/0 17:50 4:04 1:38
Jordan Eberle 0 0 0 -2 0 0 2 1 0 0 0/0 10:28 2:53 0:49
Leon Draisaitl 2 0 2 2 0 8 1 0 0 0 14/28 18:28 4:45 0:00
Mattias Ekholm 0 0 0 -1 0 0 1 2 0 0 0/0 20:48 0:00 4:15
Mitch Marner 1 1 2 2 0 4 0 0 0 1 0/1 19:23 4:46 0:39
Pavel Buchnevich 0 0 0 -2 0 3 2 0 1 0 0/1 18:33 5:59 0:00
Reilly Smith 0 0 0 0 2 2 1 1 0 0 0/0 12:12 0:08 0:00
Ryan Johansen 0 1 1 -2 0 2 1 1 0 1 6/9 16:07 4:03 0:00
Ryan Suter 0 1 1 1 2 0 0 1 0 0 0/0 17:11 2:53 1:19
Sam Reinhart 0 2 2 2 0 1 2 0 0 0 1/2 18:20 4:44 0:00
T.J. Brodie 0 0 0 -2 2 0 1 1 0 0 0/0 15:33 0:00 2:17
Players Stats for Anaheim Ducks
Player Name G A P +/- PIM S H SB GA TA FO MP PP MP PK MP
------------------------------------------------------------------------------------
Alex Killorn 0 0 0 0 0 3 1 1 1 0 0/1 18:49 2:58 4:33
Brayden Schenn 0 0 0 0 2 3 2 0 0 2 0/1 16:11 2:58 1:41
Brenden Dillon 0 0 0 1 0 0 0 0 0 0 0/0 12:48 0:00 1:42
Chandler Stephenson 0 0 0 0 0 0 1 0 0 0 4/8 14:15 0:00 4:31
Esa Lindell 0 2 2 1 0 1 1 1 1 1 0/0 22:45 3:08 4:45
Ivan Provorov 0 1 1 0 2 1 2 3 0 0 0/0 28:31 3:30 4:09
J.T. Compher 0 0 0 0 0 0 0 0 0 0 0/0 13:45 0:00 3:50
Jakob Chychrun 1 0 1 1 2 2 1 1 0 0 0/0 19:07 3:08 3:01
John Tavares 2 1 3 1 0 3 2 1 0 0 1/2 20:17 3:40 0:00
Josh Manson 0 0 0 1 2 0 0 0 0 0 0/0 13:24 0:00 2:20
Josh Morrissey 0 2 2 0 0 4 7 1 0 0 0/0 22:51 3:30 0:57
Mark Scheifele 0 0 0 0 0 3 2 0 0 0 6/12 14:15 2:58 0:00
Mason Marchment 0 1 1 1 0 0 0 0 0 0 0/0 6:33 0:00 0:00
Max Domi 1 0 1 1 0 1 0 0 1 0 0/0 7:43 0:00 0:59
Nazem Kadri 0 3 3 1 0 6 1 1 0 0 19/33 20:29 3:40 0:12
Radek Faksa 0 0 0 1 2 0 0 0 0 0 0/3 6:32 0:00 0:00
Teuvo Teravainen 0 0 0 0 0 5 0 0 0 0 0/0 12:31 0:00 2:48
William Nylander 2 1 3 1 0 3 1 2 0 0 1/1 20:17 3:40 0:00
3 Stars
1 - John Tavares (ANA)
2 - William Nylander (ANA)
3 - Leon Draisaitl (PIT)
Power Play
Pittsburgh Penguins - 1 on 5 Attempt(s) - 20.00%
Anaheim Ducks - 1 on 4 Attempt(s) - 25.00%
Penalty Kill
Pittsburgh Penguins - 3 on 4 Attempt(s) - 75.00%
- Score 0 goal in Penalty Kill
Anaheim Ducks - 4 on 5 Attempt(s) - 80.00%
- Score 0 goal in Penalty Kill
Team Stat
Pittsburgh Penguins - Hits : 19 - Faceoff Wins : 30 - Blocked Shots : 15 - Penalty Minutes : 8
Anaheim Ducks - Hits : 21 - Faceoff Wins : 31 - Blocked Shots : 11 - Penalty Minutes : 10
Official
Referees : Justin StPierre and Dan O'Rourke
Linesman : David Brisebois and Derek Amell
Game Notes
No Game Note
Finance
Level 1 -- Attendance: 5192 (86.53%) -- Ticket Income $519,200
Level 2 -- Attendance: 3881 (77.62%) -- Ticket Income $232,860
Level 3 -- Attendance: 1830 (61.00%) -- Ticket Income $84,180
Level 4 -- Attendance: 3928 (78.56%) -- Ticket Income $98,200
Luxury Box -- Attendance: 738 (73.80%) -- Ticket Income $147,600
Game was played at the Honda Center.
Total Attendance: 15569 (77.85%)
Total Ticket Income: $1,082,040
Other Income: $378,714
Total Income: $1,460,754
Pittsburgh Penguins
5 vs 5 Forward
Center Left Wing Right Wing Time % Phy DF OF
1 Leon Draisaitl Mitch Marner Sam Reinhart 34 0 2 3
2 Ryan Johansen Pavel Buchnevich Jeff Carter 29 1 2 2
3 Jean-Gabriel Pageau Anders Lee Reilly Smith 26 1 2 2
4 Colton Sissons Blake Coleman Jordan Eberle 11 1 2 2
5 vs 5 Defense
Defense Defense Time % Phy DF OF
1 Mattias Ekholm Erik Karlsson 39 1 2 2
2 Ryan Suter Anton Stralman 32 1 2 2
3 Chris Tanev T.J. Brodie 29 1 2 2
4 Mattias Ekholm Erik Karlsson 0 1 2 2
PowerPlay Forward
Center Left Wing Right Wing Time % Phy DF OF
1 Leon Draisaitl Mitch Marner Sam Reinhart 60 0 1 4
2 Jeff Carter Anders Lee Ryan Johansen 40 0 2 3
PowerPlay Defense
Defense Defense Time % Phy DF OF
1 Pavel Buchnevich Erik Karlsson 60 0 1 4
2 Ryan Suter Jordan Eberle 40 0 2 2
Penalty Kill 4 Players Forward
Center Wing Time % Phy DF OF
1 Jean-Gabriel Pageau Colton Sissons 60 1 3 1
2 Jeff Carter Blake Coleman 40 1 3 1
Penalty Kill 4 Players Defense
Defense Defense Time % Phy DF OF
1 Mattias Ekholm Chris Tanev 60 1 3 1
2 T.J. Brodie Anton Stralman 40 1 3 1
Penalty Kill - 3 Players Forward
Forward Time % Phy DF OF
1 Jean-Gabriel Pageau 60 1 2 2
2 Colton Sissons 40 1 2 2
Penalty Kill - 3 Players Defense
Defense Defense Time % Phy DF OF
1 Mattias Ekholm Chris Tanev 60 1 2 2
2 Ryan Suter Anton Stralman 40 1 2 2
4 vs 4 Forward
Center Wing Time % Phy DF OF
1 Leon Draisaitl Mitch Marner 60 1 2 2
2 Sam Reinhart Pavel Buchnevich 40 1 2 2
4 vs 4 Defense
Defense Defense Time % Phy DF OF
1 Mattias Ekholm Erik Karlsson 60 1 2 2
2 Ryan Suter Anton Stralman 40 1 2 2
Last Minutes Offensive
Center Left Wing Right Wing Defense Defense
Leon Draisaitl Mitch Marner Sam Reinhart Mattias Ekholm Erik Karlsson
Last Minutes Defensive
Center Left Wing Right Wing Defense Defense
Leon Draisaitl Mitch Marner Sam Reinhart Mattias Ekholm Erik Karlsson
Goaltenders
Starting : Jonathan Quick
Backup : Mike Smith
Extra Forwards
Normal : Jean-Gabriel Pageau, Reilly Smith, Jordan Eberle - PP : Jean-Gabriel Pageau, Reilly Smith - PK : Jordan Eberle
Extra Defensemen
Normal : Chris Tanev, T.J. Brodie, Ryan Suter - PP : Chris Tanev - PK : T.J. Brodie, Ryan Suter
Penalty Shots
Leon Draisaitl, Mitch Marner, Sam Reinhart, Pavel Buchnevich, Jeff Carter
Anaheim Ducks
5 vs 5 Forward
Center Left Wing Right Wing Time % Phy DF OF
1 Nazem Kadri John Tavares William Nylander 40 1 2 2
2 Mark Scheifele Brayden Schenn Alex Killorn 30 1 2 2
3 Chandler Stephenson J.T. Compher Teuvo Teravainen 20 1 3 1
4 Radek Faksa Mason Marchment Max Domi 10 1 2 2
5 vs 5 Defense
Defense Defense Time % Phy DF OF
1 Ivan Provorov Josh Morrissey 40 1 2 2
2 Jakob Chychrun Esa Lindell 30 1 2 2
3 Brenden Dillon Josh Manson 20 1 2 2
4 Ivan Provorov Esa Lindell 10 1 2 2
PowerPlay Forward
Center Left Wing Right Wing Time % Phy DF OF
1 Nazem Kadri John Tavares William Nylander 60 1 2 2
2 Mark Scheifele Brayden Schenn Alex Killorn 40 1 2 2
PowerPlay Defense
Defense Defense Time % Phy DF OF
1 Ivan Provorov Josh Morrissey 60 1 2 2
2 Esa Lindell Jakob Chychrun 40 1 2 2
Penalty Kill 4 Players Forward
Center Wing Time % Phy DF OF
1 Chandler Stephenson Alex Killorn 60 1 2 2
2 J.T. Compher Teuvo Teravainen 40 1 2 2
Penalty Kill 4 Players Defense
Defense Defense Time % Phy DF OF
1 Ivan Provorov Esa Lindell 60 1 2 2
2 Josh Manson Jakob Chychrun 40 1 2 2
Penalty Kill - 3 Players Forward
Forward Time % Phy DF OF
1 Alex Killorn 60 1 2 2
2 Teuvo Teravainen 40 1 2 2
Penalty Kill - 3 Players Defense
Defense Defense Time % Phy DF OF
1 Ivan Provorov Esa Lindell 60 1 2 2
2 Josh Manson Jakob Chychrun 40 1 2 2
4 vs 4 Forward
Center Wing Time % Phy DF OF
1 Nazem Kadri William Nylander 60 1 2 2
2 John Tavares Mark Scheifele 40 1 2 2
4 vs 4 Defense
Defense Defense Time % Phy DF OF
1 Esa Lindell Ivan Provorov 60 1 2 2
2 Brenden Dillon Jakob Chychrun 40 1 2 2
Last Minutes Offensive
Center Left Wing Right Wing Defense Defense
Nazem Kadri Mark Scheifele William Nylander Jakob Chychrun Josh Morrissey
Last Minutes Defensive
Center Left Wing Right Wing Defense Defense
Chandler Stephenson Alex Killorn Teuvo Teravainen Ivan Provorov Esa Lindell
Goaltenders
Starting : Jack Campbell
Backup : Robin Lehner
Extra Forwards
Normal : Nazem Kadri, William Nylander, Mark Scheifele - PP : William Nylander, Nazem Kadri - PK : Alex Killorn
Extra Defensemen
Normal : Ivan Provorov, Esa Lindell, Jakob Chychrun - PP : Josh Morrissey - PK : Ivan Provorov, Esa Lindell
Penalty Shots
Jakob Chychrun, Brenden Dillon, Mark Scheifele, John Tavares, Nazem Kadri
% Time on Ice - Pittsburgh Penguins
Lines # - Real PCT - Wanted PCT - Time Play
Normal Forward
1 - 31% - 34% - 13:57
2 - 27% - 29% - 12:08
3 - 27% - 26% - 11:51
4 - 15% - 11% - 6:34
Normal Defense
1 - 39% - 39% - 17:21
2 - 30% - 32% - 13:26
3 - 31% - 29% - 13:43
4 - 0% - 0% - 0:00
PP Forward
1 - 54% - 60% - 4:48
2 - 46% - 40% - 4:04
PP Defense
1 - 67% - 60% - 5:59
2 - 33% - 40% - 2:53
PK Forward
1 - 75% - 60% - 5:00
2 - 25% - 40% - 1:38
PK Defense
1 - 64% - 60% - 4:15
2 - 36% - 40% - 2:23
PK3 Forward
1 - 0% - 60%
2 - 0% - 40%
PK3 Defense
1 - 0% - 60%
2 - 0% - 40%
44 Forward
1 - 0% - 60%
2 - 0% - 40%
44 Defense
1 - 0% - 60%
2 - 0% - 40%
Last Minute Offensive - 0:00
Last Minute Defensive - 0:00
Total
Forward - 60:00
Defense - 60:00
|
% Time on Ice - Anaheim Ducks
Lines # - Real PCT - Wanted PCT - Time Play
Normal Forward
1 - 38% - 40% - 16:57
2 - 25% - 30% - 11:17
3 - 22% - 20% - 9:43
4 - 15% - 10% - 6:33
Normal Defense
1 - 40% - 40% - 17:53
2 - 27% - 30% - 11:59
3 - 24% - 20% - 10:49
4 - 9% - 10% - 3:49
PP Forward
1 - 55% - 60% - 3:40
2 - 45% - 40% - 2:58
PP Defense
1 - 53% - 60% - 3:30
2 - 47% - 40% - 3:08
PK Forward
1 - 72% - 60% - 6:25
2 - 28% - 40% - 2:27
PK Defense
1 - 55% - 60% - 4:52
2 - 45% - 40% - 4:00
PK3 Forward
1 - 0% - 60%
2 - 0% - 40%
PK3 Defense
1 - 0% - 60%
2 - 0% - 40%
44 Forward
1 - 0% - 60%
2 - 0% - 40%
44 Defense
1 - 0% - 60%
2 - 0% - 40%
Last Minute Offensive - 0:00
Last Minute Defensive - 0:00
Total
Forward - 60:00
Defense - 60:00
|
Play-by-Play
1st period
0:01 of 1st period - Leon Draisaitl wins face-off versus Nazem Kadri in neutral zone.
0:31 of 1st period - Snap shot by Ryan Johansen.
0:31 of 1st period - Shot Misses the Net.
1:11 of 1st period - Backhand shot by Anders Lee.
1:11 of 1st period - Shot Misses the Net.
1:13 of 1st period - Slapshot by Erik Karlsson.
1:13 of 1st period - Shot Blocked by Jakob Chychrun.
1:15 of 1st period - Slapshot by Erik Karlsson.
1:15 of 1st period - Deflect By Reilly Smith.
1:15 of 1st period - Shot Misses the Net.
1:15 of 1st period - Puck is out of play.
1:16 of 1st period - Jean-Gabriel Pageau wins face-off versus John Tavares in Anaheim Ducks zone.
1:48 of 1st period - Slapshot by Reilly Smith.
1:48 of 1st period - Shot Misses the Net.
1:50 of 1st period - Slapshot by Ryan Suter.
1:50 of 1st period - Shot Blocked by Ivan Provorov.
1:56 of 1st period - Snap shot by Anders Lee.
1:56 of 1st period - Stopped by Jack Campbell with a rebound.
2:11 of 1st period - Nazem Kadri is hit by Jean-Gabriel Pageau and loses puck.
2:21 of 1st period - Minor Penalty to Ivan Provorov for Cross-checking.
2:22 of 1st period - Chandler Stephenson wins face-off versus Leon Draisaitl in Anaheim Ducks zone.
2:48 of 1st period - Brenden Dillon is hit by Anders Lee and loses puck.
4:21 of 1st period - Penalty to Ivan Provorov is over, Ivan Provorov is back on ice.
4:33 of 1st period - Slapshot by Jordan Eberle.
4:33 of 1st period - Deflect By Blake Coleman.
4:33 of 1st period - Stopped by Jack Campbell without a rebound.
4:34 of 1st period - William Nylander wins face-off versus Colton Sissons in Anaheim Ducks zone.
4:55 of 1st period - Slapshot by Jordan Eberle.
4:55 of 1st period - Deflect By Blake Coleman.
4:55 of 1st period - Stopped by Jack Campbell with a rebound.
4:57 of 1st period - Slapshot by T.J. Brodie.
4:57 of 1st period - Shot Misses the Net.
5:07 of 1st period - Slapshot by William Nylander.
5:07 of 1st period - Goal by William Nylander - Pittsburgh Penguins : 0 - Anaheim Ducks : 1.
5:08 of 1st period - Leon Draisaitl wins face-off versus Mark Scheifele in neutral zone.
5:23 of 1st period - Backhand shot by Mitch Marner.
5:23 of 1st period - Stopped by Jack Campbell with a rebound.
5:44 of 1st period - Chris Tanev is hit by Chandler Stephenson and loses puck.
6:27 of 1st period - Slapshot by Blake Coleman.
6:27 of 1st period - Shot Misses the Net.
6:29 of 1st period - Slapshot by Anton Stralman.
6:29 of 1st period - Stopped by Jack Campbell with a rebound.
6:45 of 1st period - Wrist shot by Brayden Schenn.
6:45 of 1st period - Deflect By Mitch Marner.
6:45 of 1st period - Stopped by Jonathan Quick without a rebound.
6:46 of 1st period - Mark Scheifele wins face-off versus Leon Draisaitl in Pittsburgh Penguins zone.
7:35 of 1st period - Snap shot by Alex Killorn.
7:35 of 1st period - Stopped by Jonathan Quick without a rebound.
7:36 of 1st period - Ryan Johansen wins face-off versus Chandler Stephenson in Pittsburgh Penguins zone.
7:36 of 1st period - Ryan Johansen is hit by Josh Morrissey.
7:42 of 1st period - J.T. Compher is hit by T.J. Brodie and loses puck.
7:59 of 1st period - Ivan Provorov is hit by Pavel Buchnevich and loses puck.
8:06 of 1st period - Wrist shot by Pavel Buchnevich.
8:06 of 1st period - Shot Misses the Net.
8:54 of 1st period - Off-side.
8:55 of 1st period - Leon Draisaitl wins face-off versus Mark Scheifele in neutral zone.
9:12 of 1st period - Snap shot by Mitch Marner.
9:12 of 1st period - Shot Blocked by Alex Killorn.
9:27 of 1st period - Jordan Eberle is hit by Brayden Schenn and loses puck.
9:34 of 1st period - Wrist shot by Alex Killorn.
9:34 of 1st period - Shot Blocked by Anton Stralman.
9:36 of 1st period - Snap shot by Mark Scheifele.
9:36 of 1st period - Stopped by Jonathan Quick without a rebound.
9:37 of 1st period - Nazem Kadri wins face-off versus Leon Draisaitl in Pittsburgh Penguins zone.
10:12 of 1st period - Slapshot by Max Domi.
10:12 of 1st period - Shot Blocked by Erik Karlsson.
10:53 of 1st period - Snap shot by Leon Draisaitl.
10:53 of 1st period - Stopped by Jack Campbell with a rebound.
10:55 of 1st period - Snap shot by Leon Draisaitl.
10:55 of 1st period - Deflect By Esa Lindell.
10:55 of 1st period - Stopped by Jack Campbell with a rebound.
11:11 of 1st period - Snap shot by Nazem Kadri.
11:11 of 1st period - Shot Blocked by T.J. Brodie.
11:13 of 1st period - Backhand shot by Esa Lindell.
11:13 of 1st period - Stopped by Jonathan Quick with a rebound.
11:15 of 1st period - Snap shot by Jakob Chychrun.
11:15 of 1st period - Goal by Jakob Chychrun - Pittsburgh Penguins : 0 - Anaheim Ducks : 2.
11:16 of 1st period - Nazem Kadri wins face-off versus Leon Draisaitl in neutral zone.
11:26 of 1st period - Icing by Josh Morrissey.
11:27 of 1st period - John Tavares wins face-off versus Leon Draisaitl in Anaheim Ducks zone.
11:32 of 1st period - Slapshot by William Nylander.
11:32 of 1st period - Shot Blocked by Mattias Ekholm.
11:34 of 1st period - Wrist shot by John Tavares.
11:34 of 1st period - Stopped by Jonathan Quick without a rebound.
11:35 of 1st period - Leon Draisaitl wins face-off versus Brayden Schenn in Pittsburgh Penguins zone.
11:35 of 1st period - Leon Draisaitl is hit by Mark Scheifele.
11:47 of 1st period - Snap shot by Mitch Marner.
11:47 of 1st period - Stopped by Jack Campbell with a rebound.
12:01 of 1st period - Erik Karlsson is hit by Josh Morrissey.
12:15 of 1st period - Erik Karlsson is hit by John Tavares.
12:56 of 1st period - Icing by Brayden Schenn.
12:57 of 1st period - Leon Draisaitl wins face-off versus Mark Scheifele in Anaheim Ducks zone.
12:58 of 1st period - Slapshot by Mitch Marner.
12:58 of 1st period - Stopped by Jack Campbell without a rebound.
12:59 of 1st period - Leon Draisaitl wins face-off versus Nazem Kadri in Anaheim Ducks zone.
13:02 of 1st period - Snap shot by Leon Draisaitl.
13:02 of 1st period - Stopped by Jack Campbell with a rebound.
13:04 of 1st period - Wrist shot by Sam Reinhart.
13:04 of 1st period - Shot Misses the Net.
13:06 of 1st period - Backhand shot by Anton Stralman.
13:06 of 1st period - Shot Blocked by Ivan Provorov.
13:08 of 1st period - Slapshot by Ryan Suter.
13:08 of 1st period - Shot Misses the Net.
13:10 of 1st period - Slapshot by Anton Stralman.
13:10 of 1st period - Shot Blocked by William Nylander.
13:12 of 1st period - Snap shot by Mitch Marner.
13:12 of 1st period - Goal by Mitch Marner - Pittsburgh Penguins : 1 - Anaheim Ducks : 2.
13:13 of 1st period - Leon Draisaitl wins face-off versus Nazem Kadri in neutral zone.
14:05 of 1st period - Chandler Stephenson is hit by Blake Coleman and loses puck.
14:13 of 1st period - Minor Penalty to Josh Manson for Tripping.
14:14 of 1st period - Leon Draisaitl wins face-off versus Chandler Stephenson in Anaheim Ducks zone.
14:43 of 1st period - Snap shot by Ryan Johansen.
14:43 of 1st period - Shot Blocked by Esa Lindell.
16:13 of 1st period - Penalty to Josh Manson is over, Josh Manson is back on ice.
16:15 of 1st period - Brayden Schenn is hit by Jean-Gabriel Pageau and loses puck.
17:11 of 1st period - Ryan Suter is hit by Nazem Kadri.
17:52 of 1st period - Minor Penalty to Ryan Suter for Cross-checking.
17:53 of 1st period - Nazem Kadri wins face-off versus Jean-Gabriel Pageau in Pittsburgh Penguins zone.
18:01 of 1st period - Slapshot by Nazem Kadri.
18:01 of 1st period - Shot Misses the Net.
18:03 of 1st period - Snap shot by Nazem Kadri.
18:03 of 1st period - Shot Misses the Net.
18:23 of 1st period - Backhand shot by Brayden Schenn.
18:23 of 1st period - Stopped by Jonathan Quick without a rebound.
18:24 of 1st period - Nazem Kadri wins face-off versus Jean-Gabriel Pageau in Pittsburgh Penguins zone.
18:27 of 1st period - Wrist shot by William Nylander.
18:27 of 1st period - Shot Blocked by Anton Stralman.
18:31 of 1st period - Slapshot by Nazem Kadri.
18:31 of 1st period - Deflect By T.J. Brodie.
18:31 of 1st period - Stopped by Jonathan Quick with a rebound.
18:33 of 1st period - Wrist shot by John Tavares.
18:33 of 1st period - Goal by John Tavares - Pittsburgh Penguins : 1 - Anaheim Ducks : 3.
18:34 of 1st period - Leon Draisaitl wins face-off versus Nazem Kadri in neutral zone.
18:41 of 1st period - Ivan Provorov is hit by Sam Reinhart and loses puck.
19:00 of 1st period - Josh Morrissey is hit by Ryan Johansen and loses puck.
Goals for this period are 1 for Pittsburgh Penguins vs 3 for Anaheim Ducks.
Shots for this period are 11 for Pittsburgh Penguins vs 10 for Anaheim Ducks.
2nd period
0:01 of 2nd period - Sam Reinhart wins face-off versus Nazem Kadri in neutral zone.
0:05 of 2nd period - Off-side.
0:06 of 2nd period - Nazem Kadri wins face-off versus Leon Draisaitl in neutral zone.
0:19 of 2nd period - Slapshot by Leon Draisaitl.
0:19 of 2nd period - Stopped by Jack Campbell with a rebound.
0:21 of 2nd period - Wrist shot by Sam Reinhart.
0:21 of 2nd period - Shot Blocked by Josh Morrissey.
0:23 of 2nd period - Wrist shot by Leon Draisaitl.
0:23 of 2nd period - Goal by Leon Draisaitl - Pittsburgh Penguins : 2 - Anaheim Ducks : 3.
0:24 of 2nd period - Mark Scheifele wins face-off versus Leon Draisaitl in neutral zone.
0:33 of 2nd period - Wrist shot by Mark Scheifele.
0:33 of 2nd period - Stopped by Jonathan Quick without a rebound.
0:34 of 2nd period - Leon Draisaitl wins face-off versus Mark Scheifele in Pittsburgh Penguins zone.
0:38 of 2nd period - Off-side.
0:39 of 2nd period - Nazem Kadri wins face-off versus Ryan Johansen in neutral zone.
2:39 of 2nd period - Jeff Carter is hit by Mark Scheifele and loses puck.
3:16 of 2nd period - Minor Penalty to Radek Faksa for Roughing.
3:17 of 2nd period - Leon Draisaitl wins face-off versus Alex Killorn in Anaheim Ducks zone.
3:43 of 2nd period - Chandler Stephenson is hit by Pavel Buchnevich and loses puck.
4:06 of 2nd period - Wrist shot by Anders Lee.
4:06 of 2nd period - Stopped by Jack Campbell with a rebound.
4:08 of 2nd period - Snap shot by Ryan Johansen.
4:08 of 2nd period - Shot Blocked by Ivan Provorov.
4:12 of 2nd period - Snap shot by Jeff Carter.
4:12 of 2nd period - Goal by Jeff Carter - Pittsburgh Penguins : 3 - Anaheim Ducks : 3.
4:13 of 2nd period - Nazem Kadri wins face-off versus Mitch Marner in neutral zone.
4:24 of 2nd period - Wrist shot by Sam Reinhart.
4:24 of 2nd period - Deflect By Leon Draisaitl.
4:24 of 2nd period - Goal by Leon Draisaitl - Pittsburgh Penguins : 4 - Anaheim Ducks : 3.
4:25 of 2nd period - Nazem Kadri wins face-off versus Leon Draisaitl in neutral zone.
4:38 of 2nd period - Slapshot by John Tavares.
4:38 of 2nd period - Shot Misses the Net.
4:40 of 2nd period - Slapshot by Esa Lindell.
4:40 of 2nd period - Shot Misses the Net.
4:42 of 2nd period - Snap shot by William Nylander.
4:42 of 2nd period - Goal by William Nylander - Pittsburgh Penguins : 4 - Anaheim Ducks : 4.
4:43 of 2nd period - Mark Scheifele wins face-off versus Jean-Gabriel Pageau in neutral zone.
4:53 of 2nd period - Minor Penalty to Reilly Smith for Delaying the game.
4:54 of 2nd period - Jean-Gabriel Pageau wins face-off versus Nazem Kadri in Pittsburgh Penguins zone.
4:59 of 2nd period - Icing by Josh Morrissey.
5:00 of 2nd period - Nazem Kadri wins face-off versus Jean-Gabriel Pageau in Anaheim Ducks zone.
5:55 of 2nd period - Jordan Eberle is hit by Jakob Chychrun and loses puck.
6:18 of 2nd period - Jeff Carter is hit by William Nylander and loses puck.
6:43 of 2nd period - Josh Morrissey is hit by Jordan Eberle and loses puck.
6:53 of 2nd period - Penalty to Reilly Smith is over, Reilly Smith is back on ice.
7:50 of 2nd period - Snap shot by Alex Killorn.
7:50 of 2nd period - Deflect By Mark Scheifele.
7:50 of 2nd period - Shot Blocked by Mattias Ekholm.
7:50 of 2nd period - Puck is out of play.
7:51 of 2nd period - Mark Scheifele wins face-off versus Leon Draisaitl in Pittsburgh Penguins zone.
8:14 of 2nd period - Wrist shot by Leon Draisaitl.
8:14 of 2nd period - Shot Misses the Net.
8:20 of 2nd period - Slapshot by William Nylander.
8:20 of 2nd period - Deflect By Nazem Kadri.
8:20 of 2nd period - Shot Misses the Net.
8:20 of 2nd period - Puck is out of play.
8:21 of 2nd period - Ryan Johansen wins face-off versus Nazem Kadri in Pittsburgh Penguins zone.
8:26 of 2nd period - Slapshot by William Nylander.
8:26 of 2nd period - Shot Misses the Net.
8:28 of 2nd period - Slapshot by Jakob Chychrun.
8:28 of 2nd period - Stopped by Jonathan Quick without a rebound.
8:29 of 2nd period - Jean-Gabriel Pageau wins face-off versus Nazem Kadri in Pittsburgh Penguins zone.
9:43 of 2nd period - Snap shot by Jean-Gabriel Pageau.
9:43 of 2nd period - Stopped by Jack Campbell without a rebound.
9:44 of 2nd period - Jean-Gabriel Pageau wins face-off versus Chandler Stephenson in Anaheim Ducks zone.
9:51 of 2nd period - Chandler Stephenson is hit by Reilly Smith and loses puck.
10:04 of 2nd period - Wrist shot by Teuvo Teravainen.
10:04 of 2nd period - Stopped by Jonathan Quick without a rebound.
10:05 of 2nd period - Leon Draisaitl wins face-off versus Nazem Kadri in Pittsburgh Penguins zone.
10:05 of 2nd period - Leon Draisaitl is hit by John Tavares.
10:31 of 2nd period - John Tavares is hit by Anders Lee and loses puck.
10:50 of 2nd period - Slapshot by Nazem Kadri.
10:50 of 2nd period - Stopped by Jonathan Quick without a rebound.
10:51 of 2nd period - Mark Scheifele wins face-off versus Pavel Buchnevich in Pittsburgh Penguins zone.
10:56 of 2nd period - Snap shot by Mark Scheifele.
10:56 of 2nd period - Shot Blocked by Anton Stralman.
10:58 of 2nd period - Snap shot by Alex Killorn.
10:58 of 2nd period - Stopped by Jonathan Quick with a rebound.
11:00 of 2nd period - Slapshot by Josh Morrissey.
11:00 of 2nd period - Stopped by Jonathan Quick without a rebound.
11:01 of 2nd period - Mark Scheifele wins face-off versus Ryan Johansen in Pittsburgh Penguins zone.
11:25 of 2nd period - Minor Penalty to Brayden Schenn for Hooking.
11:26 of 2nd period - Chandler Stephenson wins face-off versus Leon Draisaitl in Anaheim Ducks zone.
12:29 of 2nd period - Snap shot by J.T. Compher.
12:29 of 2nd period - Shot Misses the Net.
12:53 of 2nd period - Pavel Buchnevich is hit by Ivan Provorov and loses puck.
13:16 of 2nd period - Max Domi is hit by Erik Karlsson.
13:25 of 2nd period - Penalty to Brayden Schenn is over, Brayden Schenn is back on ice.
13:38 of 2nd period - Slapshot by Nazem Kadri.
13:38 of 2nd period - Stopped by Jonathan Quick with a rebound.
14:26 of 2nd period - Wrist shot by Nazem Kadri.
14:26 of 2nd period - Stopped by Jonathan Quick without a rebound.
14:27 of 2nd period - Colton Sissons wins face-off versus Mark Scheifele in Pittsburgh Penguins zone.
14:27 of 2nd period - Colton Sissons is hit by Brayden Schenn.
14:51 of 2nd period - Ivan Provorov is hit by Anton Stralman.
16:15 of 2nd period - Snap shot by William Nylander.
16:15 of 2nd period - Shot Misses the Net.
17:06 of 2nd period - Jakob Chychrun is hit by Erik Karlsson and loses puck.
17:46 of 2nd period - Brayden Schenn is hit by Jordan Eberle and loses puck.
19:22 of 2nd period - Minor Penalty to Chris Tanev for Tripping.
19:23 of 2nd period - Nazem Kadri wins face-off versus Jean-Gabriel Pageau in Pittsburgh Penguins zone.
19:25 of 2nd period - Wrist shot by Nazem Kadri.
19:25 of 2nd period - Stopped by Jonathan Quick without a rebound.
19:26 of 2nd period - Nazem Kadri wins face-off versus Jean-Gabriel Pageau in Pittsburgh Penguins zone.
19:37 of 2nd period - Snap shot by Nazem Kadri.
19:37 of 2nd period - Shot Blocked by Jean-Gabriel Pageau.
Goals for this period are 3 for Pittsburgh Penguins vs 1 for Anaheim Ducks.
Shots for this period are 6 for Pittsburgh Penguins vs 10 for Anaheim Ducks.
3rd period
0:01 of 3rd period - Jean-Gabriel Pageau wins face-off versus Nazem Kadri in neutral zone.
0:27 of 3rd period - Wrist shot by Alex Killorn.
0:27 of 3rd period - Shot Blocked by Jean-Gabriel Pageau.
1:07 of 3rd period - Mattias Ekholm is hit by Alex Killorn and loses puck.
1:22 of 3rd period - Penalty to Chris Tanev is over, Chris Tanev is back on ice.
1:38 of 3rd period - Slapshot by Leon Draisaitl.
1:38 of 3rd period - Stopped by Jack Campbell with a rebound.
1:51 of 3rd period - Icing by Ivan Provorov.
1:52 of 3rd period - Ryan Johansen wins face-off versus Radek Faksa in Anaheim Ducks zone.
1:53 of 3rd period - Snap shot by Pavel Buchnevich.
1:53 of 3rd period - Stopped by Jack Campbell without a rebound.
1:54 of 3rd period - Ryan Johansen wins face-off versus Radek Faksa in Anaheim Ducks zone.
2:09 of 3rd period - Slapshot by Ivan Provorov.
2:09 of 3rd period - Stopped by Jonathan Quick with a rebound.
2:21 of 3rd period - Pavel Buchnevich is hit by Josh Morrissey and loses puck.
2:38 of 3rd period - Wrist shot by Pavel Buchnevich.
2:38 of 3rd period - Stopped by Jack Campbell with a rebound.
2:40 of 3rd period - Snap shot by Pavel Buchnevich.
2:40 of 3rd period - Stopped by Jack Campbell without a rebound.
2:41 of 3rd period - Nazem Kadri wins face-off versus Leon Draisaitl in Anaheim Ducks zone.
3:15 of 3rd period - Wrist shot by Alex Killorn.
3:15 of 3rd period - Shot Misses the Net.
4:10 of 3rd period - Icing by Chris Tanev.
4:11 of 3rd period - Nazem Kadri wins face-off versus Ryan Johansen in Pittsburgh Penguins zone.
4:21 of 3rd period - Minor Penalty to T.J. Brodie for Elbowing.
4:22 of 3rd period - Nazem Kadri wins face-off versus Jean-Gabriel Pageau in Pittsburgh Penguins zone.
4:22 of 3rd period - Snap shot by William Nylander.
4:22 of 3rd period - Shot Misses the Net.
4:24 of 3rd period - Slapshot by Josh Morrissey.
4:24 of 3rd period - Stopped by Jonathan Quick without a rebound.
4:25 of 3rd period - Nazem Kadri wins face-off versus Jean-Gabriel Pageau in Pittsburgh Penguins zone.
5:19 of 3rd period - Icing by Jakob Chychrun.
5:20 of 3rd period - Jean-Gabriel Pageau wins face-off versus Nazem Kadri in Anaheim Ducks zone.
5:43 of 3rd period - Snap shot by Alex Killorn.
5:43 of 3rd period - Shot Misses the Net.
5:45 of 3rd period - Slapshot by Alex Killorn.
5:45 of 3rd period - Deflect By Mark Scheifele.
5:45 of 3rd period - Deflect By Ryan Suter.
5:45 of 3rd period - Stopped by Jonathan Quick with a rebound.
5:59 of 3rd period - Blake Coleman is hit by Josh Morrissey and loses puck.
6:21 of 3rd period - Penalty to T.J. Brodie is over, T.J. Brodie is back on ice.
6:41 of 3rd period - Teuvo Teravainen is hit by Leon Draisaitl and loses puck.
7:00 of 3rd period - Snap shot by Teuvo Teravainen.
7:00 of 3rd period - Stopped by Jonathan Quick without a rebound.
7:01 of 3rd period - Jean-Gabriel Pageau wins face-off versus Radek Faksa in Pittsburgh Penguins zone.
8:15 of 3rd period - Slapshot by Brayden Schenn.
8:15 of 3rd period - Stopped by Jonathan Quick without a rebound.
8:16 of 3rd period - Chandler Stephenson wins face-off versus Sam Reinhart in Pittsburgh Penguins zone.
8:21 of 3rd period - Wrist shot by Teuvo Teravainen.
8:21 of 3rd period - Stopped by Jonathan Quick with a rebound.
8:23 of 3rd period - Slapshot by Josh Morrissey.
8:23 of 3rd period - Stopped by Jonathan Quick with a rebound.
8:33 of 3rd period - Erik Karlsson is hit by Josh Morrissey and loses puck.
8:42 of 3rd period - Wrist shot by Chandler Stephenson.
8:42 of 3rd period - Shot Misses the Net.
8:52 of 3rd period - Jakob Chychrun is hit by Mattias Ekholm and loses puck.
9:03 of 3rd period - Snap shot by Chandler Stephenson.
9:03 of 3rd period - Shot Misses the Net.
9:13 of 3rd period - Wrist shot by Teuvo Teravainen.
9:13 of 3rd period - Stopped by Jonathan Quick without a rebound.
9:14 of 3rd period - Ryan Johansen wins face-off versus Nazem Kadri in Pittsburgh Penguins zone.
9:14 of 3rd period - Pavel Buchnevich is hit by Josh Morrissey and loses puck.
9:22 of 3rd period - Ryan Suter is hit by Josh Morrissey and loses puck.
9:25 of 3rd period - Snap shot by Ryan Johansen.
9:25 of 3rd period - Stopped by Jack Campbell without a rebound.
9:26 of 3rd period - Jean-Gabriel Pageau wins face-off versus Nazem Kadri in Anaheim Ducks zone.
9:35 of 3rd period - Snap shot by Anders Lee.
9:35 of 3rd period - Stopped by Jack Campbell with a rebound.
9:37 of 3rd period - Slapshot by Jean-Gabriel Pageau.
9:37 of 3rd period - Stopped by Jack Campbell with a rebound.
9:39 of 3rd period - Wrist shot by Reilly Smith.
9:39 of 3rd period - Stopped by Jack Campbell with a rebound.
9:41 of 3rd period - Snap shot by Reilly Smith.
9:41 of 3rd period - Deflect By Nazem Kadri.
9:41 of 3rd period - Stopped by Jack Campbell with a rebound.
9:48 of 3rd period - Icing by Ivan Provorov.
9:49 of 3rd period - Ryan Johansen wins face-off versus Nazem Kadri in Anaheim Ducks zone.
9:54 of 3rd period - Wrist shot by Ryan Johansen.
9:54 of 3rd period - Shot Misses the Net.
10:16 of 3rd period - Snap shot by William Nylander.
10:16 of 3rd period - Shot Blocked by Ryan Johansen.
10:18 of 3rd period - Wrist shot by William Nylander.
10:18 of 3rd period - Shot Blocked by Erik Karlsson.
10:20 of 3rd period - Slapshot by Josh Morrissey.
10:20 of 3rd period - Stopped by Jonathan Quick with a rebound.
10:22 of 3rd period - Snap shot by John Tavares.
10:22 of 3rd period - Goal by John Tavares - Pittsburgh Penguins : 4 - Anaheim Ducks : 5.
10:23 of 3rd period - Leon Draisaitl wins face-off versus Mark Scheifele in neutral zone.
11:33 of 3rd period - Snap shot by Pavel Buchnevich.
11:33 of 3rd period - Deflect By Ryan Johansen.
11:33 of 3rd period - Stopped by Jack Campbell with a rebound.
11:45 of 3rd period - Snap shot by Alex Killorn.
11:45 of 3rd period - Stopped by Jonathan Quick without a rebound.
11:46 of 3rd period - Nazem Kadri wins face-off versus Leon Draisaitl in Pittsburgh Penguins zone.
11:49 of 3rd period - Snap shot by William Nylander.
11:49 of 3rd period - Stopped by Jonathan Quick with a rebound.
12:13 of 3rd period - Ryan Suter is hit by Esa Lindell and loses puck.
12:35 of 3rd period - Wrist shot by Max Domi.
12:35 of 3rd period - Shot Blocked by Jordan Eberle.
12:37 of 3rd period - Wrist shot by Max Domi.
12:37 of 3rd period - Goal by Max Domi - Pittsburgh Penguins : 4 - Anaheim Ducks : 6.
12:38 of 3rd period - Nazem Kadri wins face-off versus Leon Draisaitl in neutral zone.
12:53 of 3rd period - Slapshot by Sam Reinhart.
12:53 of 3rd period - Shot Misses the Net.
13:17 of 3rd period - Snap shot by Teuvo Teravainen.
13:17 of 3rd period - Stopped by Jonathan Quick with a rebound.
13:19 of 3rd period - Slapshot by Jakob Chychrun.
13:19 of 3rd period - Shot Blocked by Erik Karlsson.
14:03 of 3rd period - Wrist shot by Pavel Buchnevich.
14:03 of 3rd period - Shot Misses the Net.
14:17 of 3rd period - Snap shot by Sam Reinhart.
14:17 of 3rd period - Shot Blocked by William Nylander.
14:19 of 3rd period - Wrist shot by Sam Reinhart.
14:19 of 3rd period - Shot Blocked by Nazem Kadri.
14:21 of 3rd period - Slapshot by Mitch Marner.
14:21 of 3rd period - Shot Misses the Net.
14:23 of 3rd period - Wrist shot by Leon Draisaitl.
14:23 of 3rd period - Shot Blocked by John Tavares.
14:43 of 3rd period - Snap shot by Teuvo Teravainen.
14:43 of 3rd period - Shot Misses the Net.
15:31 of 3rd period - Wrist shot by Nazem Kadri.
15:31 of 3rd period - Shot Blocked by Ryan Suter.
15:33 of 3rd period - Slapshot by Jakob Chychrun.
15:33 of 3rd period - Shot Misses the Net.
15:35 of 3rd period - Snap shot by Nazem Kadri.
15:35 of 3rd period - Stopped by Jonathan Quick without a rebound.
15:36 of 3rd period - Nazem Kadri wins face-off versus Jean-Gabriel Pageau in Pittsburgh Penguins zone.
15:53 of 3rd period - Snap shot by Nazem Kadri.
15:53 of 3rd period - Shot Misses the Net.
17:23 of 3rd period - Snap shot by John Tavares.
17:23 of 3rd period - Shot Blocked by Reilly Smith.
17:41 of 3rd period - Slapshot by Jean-Gabriel Pageau.
17:41 of 3rd period - Stopped by Jack Campbell without a rebound.
17:42 of 3rd period - Chandler Stephenson wins face-off versus Leon Draisaitl in Anaheim Ducks zone.
17:52 of 3rd period - Minor Penalty to Jakob Chychrun for Hooking.
17:53 of 3rd period - Leon Draisaitl wins face-off versus Chandler Stephenson in Anaheim Ducks zone.
17:55 of 3rd period - Snap shot by Leon Draisaitl.
17:55 of 3rd period - Stopped by Jack Campbell with a rebound.
18:33 of 3rd period - Chandler Stephenson is hit by Sam Reinhart and loses puck.
18:44 of 3rd period - Pavel Buchnevich is hit by Ivan Provorov and loses puck.
19:03 of 3rd period - Wrist shot by Sam Reinhart.
19:03 of 3rd period - Stopped by Jack Campbell with a rebound.
19:52 of 3rd period - Penalty to Jakob Chychrun is over, Jakob Chychrun is back on ice.
19:58 of 3rd period - Icing by Max Domi.
19:59 of 3rd period - Nazem Kadri wins face-off versus Colton Sissons in Anaheim Ducks zone.
Goals for this period are 0 for Pittsburgh Penguins vs 2 for Anaheim Ducks.
Shots for this period are 13 for Pittsburgh Penguins vs 15 for Anaheim Ducks.
Back to the Top